 Dungeon Crawl Stone Soup version 0.19-a0-812-g33f3bc8 (webtiles) character file.

180 JeffiDaFish the Bolt Thrower (level 5, -1/41 HPs)
             Began as a Centaur Hunter on June 28, 2016.
             Slain by Snicker's ghost (3 damage)
             ... on level 4 of the Dungeon.
             The game lasted 00:25:05 (3873 turns).

JeffiDaFish the Bolt Thrower (Centaur Hunter)       Turns: 3873, Time: 00:25:06

Health: -1/41      AC:  8    Str: 14    XL:     5   Next: 33%
Magic:  5/5        EV:  2    Int: 10    God:
Gold:   194        SH:  0    Dex: 11    Spells: 0 memorised, 4 levels left

rFire  . . .     SeeInvis .     b - +0 short sword
rCold  . . .     Gourm    .     u - +0 plate armour
rNeg   . . .     Faith    .     (no shield)
rPois  .         Spirit   .     (no helmet)
rElec  .         Dismiss  .     (no cloak)
rCorr  .         Reflect  .     (no gloves)
SustAt .         Harm     .     (no barding)
MR     .....                    (no amulet)
Stlth  ..........               (no ring)
                                (no ring)

@: very quick, not resistant to hostile enchantments, extremely unstealthy
A: hooves 3, deformed body, speed 2, tough skin 3
a: no special abilities


You were on level 4 of the Dungeon.
You were hungry.

You visited 1 branch of the dungeon, and saw 4 of its levels.

You collected 194 gold pieces.

Inventory:

Hand Weapons
 a - a +1 hand crossbow
 b - a +0 short sword (weapon)
 o - a +0 hand crossbow
Missiles
 g - 5 needles of sleeping
 h - 131 stones
 l - 4 poisoned needles (quivered)
 m - 137 arrows
 x - 5 exploding tomahawks
 y - 41 sling bullets
 B - a javelin of returning
Armour
 c - a +0 leather armour
 e - a +0 ring mail
 q - a +0 scale mail
 u - a +0 plate armour (worn)
Scrolls
 i - a scroll of random uselessness {unknown}
 k - 2 scrolls of identify {unknown}
 r - 4 scrolls of teleportation
 s - 2 scrolls of fog {unknown}
 t - a scroll of recharging {unknown}
 z - 2 scrolls of amnesia {unknown}
 A - a scroll of blinking {unknown}
 D - 2 scrolls of remove curse {unknown}
 E - a scroll of fear {unknown}
Potions
 j - 3 potions of curing {unknown}
 v - a potion of brilliance {unknown}
 w - a potion of magic {unknown}
 C - 2 potions of agility {unknown}
 F - a potion of lignification {unknown}
 J - a potion of mutation {unknown}
Comestibles
 f - 2 bread rations
 n - 2 meat rations
 p - 2 fruits
 I - a slice of pizza


   Skills:
 + Level 2.0 Fighting
 + Level 5.7 Crossbows
 + Level 3.4 Throwing
 + Level 1.0 Armour
 + Level 1.7 Dodging
 + Level 0.5 Stealth


You had 4 spell levels left.
You didn't know any spells.

Dungeon Overview and Level Annotations

Branches:
Dungeon (4/15)
 Temple: D:4-7

Altars:
Elyvilon
Yredelemnul

Annotations:
D:4 Snicker's ghost, amateur DsAs


Innate Abilities, Weirdness & Mutations

You have hooves in place of feet.
Armour fits poorly on your strangely shaped body.
You cover ground very quickly.
You have extremely tough skin. (AC +3)


Message History

You hit Snicker's ghost but do no damage.
Your kick misses Snicker's ghost.
Snicker's ghost is almost destroyed.
Snicker's ghost hits you but does no damage.
Your plate armour prevents you from hitting Snicker's ghost.
You kick Snicker's ghost.
Snicker's ghost is almost destroyed.
Snicker's ghost whispers, "Everlasting silence awaits you..."
Snicker's ghost hits you.
* * * LOW HITPOINT WARNING * * *
You closely miss Snicker's ghost. Your kick misses Snicker's ghost.
Snicker's ghost is almost destroyed.
Snicker's ghost hits you but does no damage.
Your plate armour prevents you from hitting Snicker's ghost.
Snicker's ghost is almost destroyed.
Snicker's ghost hits you but does no damage.
You hit Snicker's ghost.
Snicker's ghost is almost destroyed.
Snicker's ghost hits you.
You die...

#.####.## #.#
##...#...##
#.........##
#...........#
#.........<.# #
#...........# #.
##.......<.## #
#.. ##...#...###
..# #..
#.(....(W@##..#..
..#
###.............#
#..
#........#.####
### #.######...#
... #....# .^...
.##... .... ## #.
...


You could see Snicker's ghost.

Vanquished Creatures
  A hound (D:3)
  A howler monkey zombie (D:3)
  7 adders
  A worm (D:3)
  2 giant geckos
  8 orcs (D:3)
  4 bats
  4 giant cockroaches
  7 goblins
  4 hobgoblins
  8 jackals (D:3)
  A ball python (D:3)
  3 giant newts
  5 kobolds
  5 rats
61 creatures vanquished.

Notes
Turn   | Place    | Note
--------------------------------------------------------------
     0 | D:1      | JeffiDaFish the Centaur Hunter began the quest for the Orb.
     0 | D:1      | Reached XP level 1. HP: 17/17 MP: 1/1
   348 | D:1      | Reached XP level 2. HP: 21/24 MP: 2/2
  1034 | D:1      | Reached skill level 5 in Crossbows
  1405 | D:2      | Reached XP level 3. HP: 29/29 MP: 3/3
  1508 | D:2      | Reached skill level 1 in Throwing
  1932 | D:2      | Reached XP level 4. HP: 30/36 MP: 4/4
  2678 | D:3      | Reached skill level 1 in Armour
  2740 | D:3      | Reached XP level 5. HP: 41/41 MP: 5/5
  2899 | D:3      | Found a basalt altar of Yredelemnul.
  3586 | D:3      | You fall through a shaft!
  3655 | D:4      | Found a white marble altar of Elyvilon.
  3798 | D:4      | Noticed Snicker's ghost (amateur DsAs)
  3870 | D:4      | HP: 1/41 [Snicker's ghost (2)]
  3873 | D:4      | Slain by Snicker's ghost

Vault maps used:
D:1:      elethiomel_arrival_maze
D:3:      lemuel_doored_altar
D:4:      serial_shops, nicolae_shop_behind_doors, elyvilon_altar_3

Skill      XL: |  1  2  3  4  5 |
---------------+----------------+-----
Crossbows      | 5 |  5.7
Throwing       | 1 2 3 |  3.4
Armour         | 1 |  1.0
Fighting       | |  2.0
Dodging        | |  1.7
Stealth        | |  0.5

Action                   |  1- 3 |  4- 6 || total
-------------------------+-------+-------++-------
Melee: Short sword       |       |    22 ||    22
       Kick              |       |     4 ||     4
       Hand crossbow     |       |     1 ||     1
 Fire: Hand crossbow     |    29 |    44 ||    73
Throw: Javelin           |    48 |    69 ||   117
       Stone             |       |    44 ||    44
       Tomahawk          |       |    12 ||    12
  Use: Scroll            |       |     1 ||     1
  Eat: Chunk             |     1 |     4 ||     5
       Fruit             |     1 |       ||     1
Armor: Ring mail         |     6 |       ||     6
       Scale mail        |    23 |       ||    23
       Plate armour      |     7 |   115 ||   122
Dodge: Dodged            |    17 |    19 ||    36
